 Dungeon Crawl Stone Soup version 0.27-a0-29-g2d0a2396b0 (webtiles) character file.

Game seed: 3752582675142628476

100 domi the Magician (level 4, -7/30 HPs)
             Began as a Demonspawn Hedge Wizard on Jan 3, 2021.
             Killed from afar by Robin (11 damage)
             ... with a puff of flame
             ... on level 2 of the Dungeon on Jan 4, 2021.
             The game lasted 00:04:38 (2339 turns).

domi the Magician (Demonspawn Hedge Wizard)         Turns: 2339, Time: 00:04:39

Health: -7/30      AC:  2    Str: 11    XL:     4   Next: 47%
Magic:  0/9        EV: 12    Int: 16    God:
Gold:   110        SH:  0    Dex: 12    Spells: 9/10 levels left

rFire    . . .     SeeInvis .   a - +0 dagger
rCold    . . .     Faith    .   (no shield)
rNeg     . . .     Spirit   +   b - +0 robe
rPois    .         Reflect  .   c - +0 hat
rElec    .         Harm     .   (no cloak)
rCorr    .         Rampage  .   (no gloves)
Will     .....                  (no boots)
Stlth    ++........             (no amulet)
HPRegen  0.10/turn              (no ring)
MPRegen  0.11/turn              (no ring)

@: no status effects
A: claws 1, talons 1, magic shield
a: no special abilities


You were on level 2 of the Dungeon.
You visited 1 branch of the dungeon, and saw 2 of its levels.

You collected 110 gold pieces.

Inventory:

Hand Weapons
 a - a +0 dagger (weapon)
Armour
 b - a +0 robe (worn)
 c - a +0 hat (worn)
Scrolls
 f - a scroll of teleportation {unknown}
 j - 3 scrolls of identify {unknown}
 l - a scroll of fog {unknown}
Potions
 d - a potion of mutation {unknown}
 e - a potion of curing {unknown}
 g - a potion of might {unknown}
 h - a potion of magic {unknown}
 i - a potion of haste {unknown}
 k - a potion of resistance {unknown}


   Skills:
 - Level 1.9 Dodging
 - Level 1.9 Stealth
 + Level 3.6 Spellcasting
 * Level 3.3 Conjurations
 - Level 1.2 Summonings
 - Level 1.1 Translocations


You had 9 spell levels left.
You knew the following spells:

 Your Spells              Type           Power        Failure   Level
z - Magic Dart            Conj           52%          4%          1

Your spell library contained the following spells:

 Spells                   Type           Power        Failure   Level
 Call Imp                 Summ           6%           16%         2
 Blink                    Tloc           N/A          17%         2
 Slow                     Hex            2%           26%         2
 Conjure Flame            Conj/Fire      8%           26%         3
 Mephitic Cloud           Conj/Pois/Air  6%           32%         3


Dungeon Overview and Level Annotations

Branches:
Dungeon (2/15)

Altars:

Annotations:
D:2 Robin


Innate Abilities, Weirdness & Mutations

You have sharp fingernails.
You have sharp toenails.
When hurt, damage is shared between your health and your magic reserves.


Message History

You see here a rat corpse.
l - a scroll labelled NOIBIH ZORU MP restored: 9 You see here a frilled lizard corpse.
There is a stone staircase leading up here.
Found a stone staircase leading down.
There is a stone staircase leading down here. 2 goblins and a hobgoblin come into view.
The goblin shouts!
You hear a shout!
The goblin shouts!
You hear a shout!
A goblin comes into view.
A hobgoblin comes into view. It is wielding a +0 club.
There are monsters nearby!
There are monsters nearby!
There are monsters nearby!
There are monsters nearby!
There are monsters nearby!
There are monsters nearby!
Aim: a goblin (0% to evade)
The magic dart hits the goblin.
You kill the goblin!
The goblin shouts!
The hobgoblin shouts! x2; You hear a shout! x3
A goblin comes into view. x2
Robin of the Strong Arm comes into view.
They are wielding a +0 club and carrying a wand of flame (18).
You now have 8/9 mp.
Aim: a goblin (0% to evade)
The magic dart hits the goblin.
Robin throws the goblin at you!
You now have 7/9 mp.
Aim: a goblin (severely wounded, 0% to evade)
The magic dart hits the goblin.
You kill the goblin!
The goblin hits you.
You take 1 damage, and have 29/30 hp.
You now have 6/9 mp.
Aim: a goblin (0% to evade)
The magic dart hits the goblin.
You kill the goblin!
You now have 5/9 mp.
Aim: a goblin, wielding a +0 club (0% to evade)
The magic dart hits the goblin.
The goblin hits you with a +0 club.
You take 2 damage, and have 27/30 hp.
You now have 4/9 mp.
Aim: a goblin, wielding a +0 club (moderately wounded, 0% to evade)
The magic dart hits the goblin.
Robin roars a battlecry!
The goblins go into a battle-frenzy!
The goblin hits you but does no damage.
You hear a shout!
You now have 3/9 mp.
Aim: a goblin, wielding a +0 club (heavily wounded, strong, 0% to evade)
The magic dart hits the goblin.
You now have 2/9 mp.
Aim: a goblin, wielding a +0 club (severely wounded, strong, 0% to evade)
The magic dart hits the goblin.
You kill the goblin!
A goblin comes into view.
You now have 1/9 mp.
Aim: Robin, wielding a +0 club, wearing a +0 animal skin, wearing a +2 helmet and carrying a wand of flame (18) (0% to evade)
The magic dart hits Robin but does no damage.
The goblin shouts!
Aim: Robin, wielding a +0 club, wearing a +0 animal skin, wearing a +2 helmet and carrying a wand of flame (18) (0% to evade)
The magic dart hits Robin but does no damage.
Robin roars a battlecry!
The goblin goes into a battle-frenzy!
You hear a shout!
You now have 0/9 mp.
You don't have enough magic to cast that spell.
You don't have enough magic to cast that spell.
You don't have enough magic to cast that spell.
Unknown command.
You hit the hobgoblin. Your kick misses the hobgoblin.
The hobgoblin hits you with a +0 club!
You take 10 damage, and have 18/30 hp.
MASSIVE DAMAGE!!
You closely miss the hobgoblin. Your kick misses the hobgoblin.
The hobgoblin hits you with a +0 club.
You take 6 damage, and have 12/30 hp.
You hit the hobgoblin. Robin throws the goblin at you!
The goblin closely misses you. The hobgoblin hits you with a +0 club!
* * * LOW HITPOINT WARNING * * *
You take 7 damage, and have 5/30 hp.
MASSIVE DAMAGE!!
You hit the hobgoblin but do no damage. Your kick misses the hobgoblin.
The goblin closely misses you. The hobgoblin closely misses you.
You hit the hobgoblin.
You kill the hobgoblin!
The goblin hits you but does no damage.
You closely miss the goblin. You claw the goblin.
You kill the goblin!
Robin throws the goblin at you!
* * * LOW HITPOINT WARNING * * *
The goblin completely misses you.
You take 1 damage, and have 4/30 hp.
You hit the goblin.
You kill the goblin!
Robin zaps a wand.
The puff of flame misses you.
A goblin comes into view.
Aim: Robin, wielding a +0 club, wearing a +0 animal skin, wearing a +2 helmet and carrying a wand of flame (17) (0% to evade)
The magic dart hits Robin.
Robin zaps a wand.
The puff of flame hits you!
You die...

..##.......#.....######
..##.#####.#.##..#
..##.#........<..#
..##.#.##.##..##.##
..##.#.#......##..#
.###.#.######.##..#
.###.#.#......##..#
.#...#.##.#######.##
.......##.# #g)@†>#
.#......†.# #g#####
.#........# #.
(#.......## #.
.....##### .g .........
#g .....###.# .. .....#
.. .....#


You could see Robin and a goblin (strong).

Vanquished Creatures
  Jessica (D:2)
  2 adders (D:2)
  2 dart slugs (D:2)
  4 bats
  4 giant cockroaches (D:1)
  13 goblins
  3 hobgoblins
  4 jackals (D:1)
  6 kobolds
  A ball python (D:2)
  4 frilled lizards
  4 rats
48 creatures vanquished.

Notes
Turn   | Place    | Note
-------+----------+-------------------------------------------
     0 | D:1      | domi the Demonspawn Hedge Wizard began the quest for the
                  | Orb.
     0 | D:1      | Reached XP level 1. HP: 13/13 MP: 4/4
    66 | D:1      | Reached skill level 1 in Translocations
   213 | D:1      | Gained mutation: You have sharp toenails. [demonic
                  | ancestry]
   213 | D:1      | Reached XP level 2. HP: 19/19 MP: 1/6
   744 | D:1      | Reached skill level 2 in Conjurations
   806 | D:1      | Gained mutation: When hurt, damage is shared between your
                  | health and your magic reserves. [demonic ancestry]
   806 | D:1      | Reached XP level 3. HP: 18/24 MP: 7/7
  1844 | D:2      | Noticed Jessica
  1850 | D:2      | Killed Jessica
  1851 | D:2      | Reached skill level 3 in Conjurations
  1851 | D:2      | Gained mutation: You have sharp fingernails. [demonic
                  | ancestry]
  1851 | D:2      | Reached XP level 4. HP: 30/30 MP: 1/9
  2321 | D:2      | Noticed Robin
  2334 | D:2      | HP: 5/30 [hobgoblin/+0 club[Robin] (7)]
  2339 | D:2      | Killed from afar by Robin

Illustrated notes

Levels and vault maps discovered:
D:1:      dpeg_arrival_signposts, layout_rooms, serial_rivers,
          chequers_serial_rivers_large_b, chequers_serial_rivers_micro_a,
          chequers_serial_rivers_small_a, chequers_serial_rivers_micro_d,
          serial_park_tiny_1
D:2:      layout_basic, marbit_many_paths, chequers_serial_rivers_small_a,
          bloody_trog, uniq_robin, uniq_jessica

Skill      XL: |  1  2  3 |
---------------+----------+-----
Translocations | 1 |  1.1
Conjurations   | 2 3 |  3.3
Dodging        | |  1.9
Stealth        | |  1.9
Spellcasting   | |  3.6
Summonings     | |  1.2

Action                   |  1- 3 |  4- 6 || total
-------------------------+-------+-------++-------
Melee: Dagger            |    98 |    11 ||   109
       Kick              |    17 |     1 ||    18
 Cast: Magic Dart        |    47 |    22 ||    69
Armor: Robe              |    32 |     2 ||    34
Dodge: Dodged            |   100 |    11 ||   111

Table legend: (Time is in decaauts)
 A = Elapsed time spent in this place.
 B = Non-inter-level travel time spent in this place.
 C = Inter-level travel time spent in this place.
 D = Time resting spent in this place.
 E = Time spent auto-exploring this place.
 F = Levels seen in this place.
 G = Mean time per level.
                   A        B        C        D        E       F      G
               +--------+--------+--------+--------+--------+-----+--------+
         Total |   2366 |   2350 |     16 |    350 |   1714 |   2 | 1183.0 |
       Dungeon |   2366 |   2350 |     16 |    350 |   1714 |   2 | 1183.0 |
               +--------+--------+--------+--------+--------+-----+--------+

Top non-repeatable levels by time:
     D:1: 1291 daAuts
     D:2: 1075 daAuts

Table legend:
 A = Kills in this place as a percentage of kills in entire the game.
 B = Kills by you in this place as a percentage of kills by you in the entire game.
 C = Kills by friends in this place as a percentage of kills by friends in the entire game.
 D = Other kills in this place as a percentage of other kills in the entire game.
 E = Experience gained in this place as a percentage of experience gained in the entire game.
 F = Experience gained in this place divided by the number of levels of this place that you have seen.
                   A       B       C       D       E      F
               +-------+-------+-------+-------+-------+----------------------
         Total | 100.0 | 100.0 |   N/A |   N/A | 100.0 |  72.0
       Dungeon | 100.0 | 100.0 |   N/A |   N/A | 100.0 |  72.0
               +-------+-------+-------+-------+-------+----------------------
